 Dungeon Crawl Stone Soup version 0.23.2 (webtiles) character file.

Game seed: 12909634682924213022

1285 MartialLaw the Fighter (level 8, -8/93 HPs)
             Began as an Ogre Berserker on Mar 31, 2019.
             Was a Priest of Trog.
             Mangled by a gnoll sergeant
             ... wielding a +0 spear
              (11 damage)
             ... on level 6 of the Dungeon.
             The game lasted 00:15:04 (6014 turns).

MartialLaw the Fighter (Ogre Berserker)             Turns: 6014, Time: 00:15:05

Health: -8/93      AC:  6    Str: 24    XL:     8   Next: 55%
Magic:  8/8        EV: 11    Int: 13    God:    Trog [***...]
Gold:   137        SH:  0    Dex:  8    Spells: 7/7 levels left

rFire    . . .     SeeInvis +   f - +1 giant club
rCold    . . .     Gourm    .   (shield currently unavailable)
rNeg     . . .     Faith    .   b - +0 animal skin
rPois    .         Spirit   .   (helmet restricted)
rElec    .         Reflect  .   (no cloak)
rCorr    .         Harm     .   (gloves unavailable)
MR       .....                  (boots unavailable)
Stlth    +.........             (no amulet)
HPRegen  0.25/turn              j - +3 ring of protection
MPRegen  0.11/turn              n - ring of see invisible

@: brilliant, berserk cooldown, slowed, very slow
A: large, unfitting armour, tough skin 1
a: Berserk, Trog's Hand, Renounce Religion


You were on level 6 of the Dungeon.
You worshipped Trog.
Trog was most pleased with you.
You were very hungry.

You visited 2 branches of the dungeon, and saw 8 of its levels.

You collected 257 gold pieces.
You spent 120 gold pieces at shops.

Inventory:

Hand Weapons
 a - a +0 mace
 f - a +1 giant club (weapon)
Armour
 b - a +0 animal skin (worn)
Jewellery
 j - a +3 ring of protection (left hand)
 n - a ring of see invisible (right hand)
 y - an uncursed ring of positive energy
Wands
 s - a wand of random effects (18)
 u - a wand of iceblast (9)
Scrolls
 e - 2 scrolls of blinking {unknown}
 g - 2 scrolls of teleportation
 k - 2 scrolls of remove curse
 l - 2 scrolls of amnesia
 m - a scroll of enchant armour {unknown}
 t - a scroll of magic mapping {unknown}
 w - a scroll of noise {unknown}
Potions
 d - a potion of cancellation
 h - 3 potions of curing
 o - 2 potions of flight {unknown}
 p - a potion of brilliance
 q - a potion of mutation {unknown}
 r - a potion of lignification {unknown}
 x - a potion of ambrosia {unknown}
 z - a potion of agility {unknown}
Comestibles
 c - 10 rations
 v - 5 chunks of flesh


   Skills:
 * Level 9.8 Fighting
 + Level 5.4 Maces & Flails
 + Level 5.4 Dodging


You had 7 spell levels left.
You didn't know any spells.
Your spell library was empty.

Dungeon Overview and Level Annotations

Branches:
Dungeon (7/15)             Temple (1/1) D:5

Altars:
Cheibriados
Elyvilon
Fedhas
Hepliaklqana
Okawaru
Ru
Vehumet

Shops:
D:6 *


Innate Abilities, Weirdness & Mutations

You are too large for most types of armour.
You have tough skin. (AC +1)


Message History

The gnoll sergeant is heavily wounded.
The gnoll hits you but does no damage.
The gnoll sergeant hits you with a +0 spear!
* * * LOW HITPOINT WARNING * * *
The gnoll closely misses you.
The gnoll sergeant hits you with a +0 spear.
* * * LOW HITPOINT WARNING * * *
It was a potion of curing.
You feel better. The gnoll hits you.
* * * LOW HITPOINT WARNING * * *
The gnoll sergeant hits you with a +0 spear!
* * * LOW HITPOINT WARNING * * *
The gnoll barely misses you.
The gnoll sergeant hits you with a +0 spear!
* * * LOW HITPOINT WARNING * * *
It was a potion of brilliance.
You feel clever all of a sudden. The gnoll hits you.
* * * LOW HITPOINT WARNING * * *
The gnoll sergeant hits you with a +0 spear!
You die...

#.#.# #.# #.....#
#.#.# #.# ##...##
#)#.# #.# ##..#
#.#.# #'# ##.#
#.#.# #∩# #.#
#.#.# #+# #.#
#.#.# #.# #.#
####.#.#### #g#
#.## ..........#
#@# #..#
####...##.######g#
##.#
.................#
#.#
####.............#
#.#
######.######.#
#.# #.# #.# #.#
#.# #.# #.# #.#
#.# #.# ####.# #.#
#.#


You could see a gnoll sergeant and a gnoll.

Vanquished Creatures
  A sky beast (D:4)
  2 ogres
  2 bullfrogs (D:6)
  A scorpion (D:4)
  A crimson imp (D:6)
  A bullfrog zombie (D:5)
  2 hounds
  5 orc priests
  5 orc wizards
  2 iguanas
  Natasha (thrice) (D:3)
  A worker ant (D:5)
  6 gnolls
  8 adders
  A shadow imp (D:6)
  An ooze (D:1)
  4 adder skeletons
  4 worms
  3 dart slugs (D:2)
  7 leopard geckos
  31 orcs
  A giant cockroach (D:1)
  4 goblins
  5 hobgoblins
  6 jackals
  4 kobolds
  A quokka (D:6)
  5 bats
  2 frilled lizards
  A leopard gecko skeleton (D:6)
  5 rats
125 creatures vanquished.

Notes
Turn   | Place    | Note
-------+----------+-------------------------------------------
     0 | D:1      | MartialLaw the Ogre Berserker began the quest for the Orb.
     0 | D:1      | Reached XP level 1. HP: 24/24 MP: 1/1
   368 | D:1      | Reached XP level 2. HP: 32/32 MP: 2/2
   867 | D:2      | Reached XP level 3. HP: 34/39 MP: 3/3
   959 | D:2      | Found a sacrificial altar of Ru.
  1165 | D:2      | Reached ** piety under Trog
  1390 | D:2      | Reached XP level 4. HP: 24/49 MP: 4/4
  1829 | D:2      | Reached skill level 5 in Fighting
  2146 | D:3      | Reached XP level 5. HP: 48/57 MP: 5/5
  2377 | D:3      | Noticed Natasha
  2389 | D:3      | Killed Natasha
  2428 | D:3      | Found a white marble altar of Elyvilon.
  2755 | D:4      | Noticed a sky beast
  2763 | D:4      | Killed a sky beast
  2763 | D:4      | Reached skill level 6 in Fighting
  2763 | D:4      | Reached XP level 6. HP: 68/68 MP: 6/6
  2799 | D:4      | Found an iron altar of Okawaru.
  2799 | D:4      | Found a radiant altar of Vehumet.
  2999 | D:4      | Reached skill level 7 in Fighting
  3185 | D:3      | Noticed Natasha
  3211 | D:3      | Killed Natasha
  3278 | D:3      | Noticed Natasha
  3283 | D:3      | Killed Natasha
  3435 | D:4      | Found a blossoming altar of Fedhas.
  3455 | D:4      | Reached XP level 7. HP: 78/78 MP: 7/7
  3676 | D:4      | Reached *** piety under Trog
  4055 | D:5      | Entered Level 5 of the Dungeon
  4171 | D:5      | Found a staircase to the Ecumenical Temple.
  4223 | D:5      | Reached skill level 8 in Fighting
  4408 | Temple   | Entered the Ecumenical Temple
  4834 | D:5      | Reached skill level 5 in Maces & Flails
  4834 | D:5      | Reached XP level 8. HP: 77/89 MP: 8/8
  4923 | D:5      | Reached skill level 9 in Fighting
  4923 | D:5      | Reached skill level 5 in Dodging
  5901 | D:6      | Found Kumen's Assorted Antiques.
  5904 | D:6      | Bought a tubular wooden ring for 120 gold pieces
  6013 | D:6      | HP: 4/93 [gnoll sergeant/+0 spear (8)]
  6014 | D:6      | Mangled by a gnoll sergeant

Skill      XL: |  1  2  3  4  5  6  7  8 |
---------------+-------------------------+-----
Maces & Flails | 3 4 5 |  5.4
Dodging        | 3 4 5 |  5.4
Fighting       | 5 6 7 8 9 |  9.8

Action                   |  1- 3 |  4- 6 |  7- 9 || total
-------------------------+-------+-------+-------++-------
Melee: Mace              |   108 |   148 |   154 ||   410
       Giant club        |       |       |    96 ||    96
Invok: Berserk           |     2 |     8 |     6 ||    16
  Use: Potion            |       |       |     5 ||     5
       Scroll            |       |       |     4 ||     4
  Eat: Chunk             |     3 |     9 |    12 ||    24
       Ration            |       |     1 |     1 ||     2
Armor: Animal skin       |    49 |    66 |    81 ||   196
Dodge: Dodged            |    68 |   122 |   185 ||   375
